Map: Alcyone LE

Players

aleXanDre

  • Race: Terran Terran
  • League: Platinum
  • Spawn Location: 7:00

SubN - Winner!

  • Race: Zerg Zerg
  • League: Diamond
  • Spawn Location: 1:00

VOD

Have the link to the VOD?

Description

Time

  • Played on: Dec. 27, 2023, 2:30 p.m.
  • Length: 3:23
Show
View Real Time Build Order
Export as new Build Order

aleXanDre Terran 

Build Orders:  

Get SALT Encoding   

  12  1:13  SCV  
  12  1:16  Supply Depot  
  12  1:17  Refinery  
  12  1:18  Refinery  
  13  1:25  SCV  
  14  1:28  Command Center  
  14  1:37  SCV  
  15  1:43  Barracks  
  15  1:48  Supply Depot  
  15  1:50  SCV  
  16  2:02  SCV  
  17  2:14  SCV  
  18  2:27  SCV  
  19  2:32  Barracks  
  19  2:33  Barracks Reactor  
  19  2:39  SCV  
  20  2:48  Orbital Command  
  20  2:55  Orbital Command  
  20  3:12  Factory  
Show
View Real Time Build Order
Export as new Build Order

SubN Zerg - Winner!

Build Orders: Pool First 

Get SALT Encoding   

  12  0:00  Drone  
  13  0:12  Overlord  
  13  0:17  Drone  
  14  0:30  Drone x2  
  16  0:40  Drone  
  17  0:44  Extractor  
  17  0:46  Spawning Pool  
  17  0:49  Drone  
  16  0:55  Drone  
  17  1:06  Drone  
  18  1:21  Hatchery  
  18  1:24  Drone  
  18  1:29  Overlord  
  18  1:39  Queen  
  20  1:49  Metabolic Boost  
  20  1:59  Zergling x2  
  20  2:00  Zergling x2  
  22  2:05  Drone  
  23  2:11  Drone  
  23  2:14  Queen  
  26  2:24  Zergling x2  
  27  2:33  Queen  
  29  2:37  Drone x2  
  31  2:48  Drone x5  
  36  3:01  Hatchery  
  35  3:09  Drone  
Tags
 
Matchup
TvZ
Opening
Pool First
Replay Pack
2025 replay dump
Spawn Locations
Cross Positions
Add a new tag
Caveats
  • Supply blocks, unpowered buildings, or Contaminate may cause inaccurate times.
  • Supply counts are checked every 10 seconds.